Map: White Rabbit LE

Players

HoldTheDoor - Winner!

  • Race: Protoss Protoss
  • League: Diamond
  • Spawn Location: 1:00

IIIIIIIIIIII

  • Race: Zerg Zerg
  • League: Diamond
  • Spawn Location: 7:00

VOD

Have the link to the VOD?

Description

Time

  • Played on: May 14, 2026, 12:18 p.m.
  • Length: 2:45
Show
View Real Time Build Order
Export as new Build Order

HoldTheDoor Protoss - Winner!

Build Orders:  

Get SALT Encoding   

  12  0:00  Probe  
  13  0:12  Probe  
  14  0:18  Pylon  
  14  0:24  Probe  
  15  0:32  Probe  
  15  0:40  Probe, Gateway  
  16  0:49  Assimilator  
  17  0:50  Probe  
  18  1:04  Forge  
  18  1:06  Probe  
  19  1:19  Probe  
  20  1:33  Cybernetics Core  
  20  1:38  Photon Cannon  
  20  1:42  Zealot  
  20  1:43  Probe  
  23  2:26  Nexus  
  23  2:28  Pylon  
Show
View Real Time Build Order
Export as new Build Order

IIIIIIIIIIII Zerg 

Build Orders: Pool First 

Get SALT Encoding   

  12  0:00  Drone  
  13  0:23  Spawning Pool  
  13  0:26  Drone  
  13  0:30  Drone  
  14  0:57  Hatchery  
  14  1:04  Extractor  
  12  1:10  Zergling x4  
  14  1:13  Extractor, Zergling x2  
  15  1:23  Overlord  
  15  1:45  Drone  
  15  1:46  Drone  
  17  1:54  Queen  
  19  2:04  Drone  
  20  2:15  Drone  
Tags
 
Matchup
PvZ
Opening
Pool First
Replay Pack
SC2Mai2026
Spawn Locations
Cross Positions
Add a new tag
Caveats
  • Supply blocks, unpowered buildings, or Contaminate may cause inaccurate times.
  • Supply counts are checked every 10 seconds.